TOP OF THE 1ST |
Manhatten Meatheads batting - Pitching for Wisconsin Rapids Rangers : RHP Mike Love
|
Pitching: RHP Mike Love
|
|
Batting: RHB Iván Moreno
|
0-0: Ball 1-0: Foul Ball, location: 2F 1-1: Ball 2-1: Ground out 5-3 (Groundball, 56)
|
Batting: RHB Kyle O'Day
|
0-0: Called Strike 0-1: Foul Ball, location: 2F 0-2: Ball 1-2: Ball 2-2: Ball 3-2: Base on Balls
|
Batting: LHB Dave Watt
|
0-0: Ball 1-0: Ball 2-0: Called Strike 2-1: Ball 3-1: Base on Balls Kyle O'Day to second
|
Batting: LHB António Cedeño
|
0-0: Called Strike 0-1: Ball 1-1: Foul Ball, location: 2F 1-2: Grounds into double play, 4-6-3 (Groundball, 4)
|
Top of the 1st over - 0 run(s), 0 hit(s), 0 error(s), 1 left on base; Manhatten 0 - Wisconsin Rapids 0 |
BOTTOM OF THE 1ST |
Wisconsin Rapids Rangers batting - Pitching for Manhatten Meatheads : RHP Juan Mora
|
Pitching: RHP Juan Mora
|
|
Batting: LHB Ramón Córdova
|
0-0: Foul Ball, location: 2F 0-1: Ball 1-1: Fly out, F4 (Popup, 89S)
|
Batting: RHB John Hursted
|
0-0: Hit by Pitch
|
Batting: RHB Tom Thompson
|
0-0: Called Strike 0-1: Ball 1-1: Ground out 4-3 (Groundball, 4M) John Hursted to second
|
Batting: RHB Kirk Powell
|
0-0: Called Strike 0-1: Called Strike 0-2: Ball 1-2: Strikes out swinging
|
Bottom of the 1st over - 0 run(s), 0 hit(s), 0 error(s), 1 left on base; Manhatten 0 - Wisconsin Rapids 0 |
TOP OF THE 2ND |
Manhatten Meatheads batting - Pitching for Wisconsin Rapids Rangers : RHP Mike Love
|
Batting: LHB Ed Murray
|
0-0: Foul Ball, location: 2F 0-1: Ball 1-1: Ball 2-1: Ball 3-1: Base on Balls
|
Batting: RHB William Moore
|
0-0: Ball 1-0: Ball 2-0: Called Strike 2-1: Ball 3-1: Base on Balls Ed Murray to second
|
Batting: RHB Greg Lee
|
0-0: Called Strike 0-1: Ball 1-1: Swinging Strike 1-2: Fly out, F3 (Popup, 3SF)
|
Batting: RHB Mitch Thomas
|
0-0: Called Strike 0-1: Ball 1-1: Ball 2-1: Ball 3-1: Base on Balls Ed Murray to third William Moore to second
|
Batting: RHB Juan Reyes
|
0-0: SINGLE (Flyball, 8RS) Ed Murray scores William Moore to third Mitch Thomas to second
|
Batting: RHB Iván Moreno
|
0-0: Called Strike 0-1: Ball 1-1: Fly out, F6 (Line Drive, 6)
|
Batting: RHB Kyle O'Day
|
0-0: SINGLE (Line Drive, 7S) William Moore scores Mitch Thomas to third Juan Reyes to second Runner from 3rd tries for Home, SAFE, no throw or cutoff
|
Batting: LHB Dave Watt
|
0-0: Fly out, F7 (Popup, 7LS)
|
Top of the 2nd over - 3 run(s), 2 hit(s), 0 error(s), 2 left on base; Manhatten 3 - Wisconsin Rapids 0 |
BOTTOM OF THE 2ND |
Wisconsin Rapids Rangers batting - Pitching for Manhatten Meatheads : RHP Juan Mora
|
Batting: RHB Arturo Rodríguez
|
0-0: SINGLE (Line Drive, 5D)
|
Batting: RHB James Green
|
0-0: Swinging Strike 0-1: Swinging Strike 0-2: Foul Ball, location: 2F 0-2: Foul Ball, location: 2F 0-2: Ball 1-2: Ball 2-2: Ball 3-2: Strikes out swinging
|
Batting: RHB Danny Campbell
|
0-0: Called Strike 0-1: Ball 1-1: Foul Ball, location: 2F 1-2: Ball 2-2: Foul Ball, location: 2F 2-2: Foul Ball, location: 2F 2-2: Foul Ball, location: 2F 2-2: Strikes out swinging
|
Batting: RHB Ray Little
|
0-0: Swinging Strike 0-1: SINGLE (Line Drive, 89M) Arturo Rodríguez to second
|
Batting: LHB Ron Robinson
|
0-0: Called Strike 0-1: Swinging Strike 0-2: Foul Ball, location: 2F 0-2: Ball 1-2: Foul Ball, location: 2F 1-2: Foul Ball, location: 2F 1-2: Strikes out swinging
|
Bottom of the 2nd over - 0 run(s), 2 hit(s), 0 error(s), 2 left on base; Manhatten 3 - Wisconsin Rapids 0 |
TOP OF THE 3RD |
Manhatten Meatheads batting - Pitching for Wisconsin Rapids Rangers : RHP Mike Love
|
Batting: LHB António Cedeño
|
0-0: Ball 1-0: Ground out 2-3 (Groundball, 25)
|
Batting: LHB Ed Murray
|
0-0: SINGLE (Groundball, 34D)
|
Batting: RHB William Moore
|
0-0: Swinging Strike 0-1: Ball 1-1: Foul Ball, location: 2F 1-2: Strikes out swinging
|
Batting: RHB Greg Lee
|
0-0: Fielders Choice at 2nd, U4 (Groundball, 4M)
|
Top of the 3rd over - 0 run(s), 1 hit(s), 0 error(s), 1 left on base; Manhatten 3 - Wisconsin Rapids 0 |
BOTTOM OF THE 3RD |
Wisconsin Rapids Rangers batting - Pitching for Manhatten Meatheads : RHP Juan Mora
|
Batting: LHB Ramón Córdova
|
0-0: Ball 1-0: Foul Ball, location: 2F 1-1: Ball 2-1: DOUBLE (Line Drive, 7LS)
|
Batting: RHB John Hursted
|
0-0: Swinging Strike 0-1: Called Strike 0-2: Ball 1-2: Ball 2-2: Ball 3-2: Fly out, F3 (Popup, 34)
|
Batting: RHB Tom Thompson
|
0-0: Ball Ramón Córdova is caught stealing 3rd base 1-0: Called Strike 1-1: Fly out, F3 (Popup, 3SF)
|
Bottom of the 3rd over - 0 run(s), 1 hit(s), 0 error(s), 0 left on base; Manhatten 3 - Wisconsin Rapids 0 |
TOP OF THE 4TH |
Manhatten Meatheads batting - Pitching for Wisconsin Rapids Rangers : RHP Mike Love
|
Batting: RHB Mitch Thomas
|
0-0: Ball 1-0: Ball 2-0: Fly out, F7 (Flyball, 78D)
|
Batting: RHB Juan Reyes
|
0-0: Swinging Strike 0-1: Ball 1-1: Called Strike 1-2: Foul Ball, location: 2F 1-2: Foul Ball, location: 2F 1-2: Foul Ball, location: 2F 1-2: Ball 2-2: Ball 3-2: Base on Balls
|
Batting: RHB Iván Moreno
|
0-0: Ball 1-0: Swinging Strike 1-1: SINGLE (Flyball, 9LM) Juan Reyes to second
|
Batting: RHB Kyle O'Day
|
0-0: Foul Ball, location: 2F 0-1: Ball 1-1: SINGLE (Groundball, 34D) Juan Reyes to third Iván Moreno to second Runner from 3rd tries for Home, SAFE, throw made home Iván Moreno to third Kyle O'Day to second
|
Batting: LHB Dave Watt
|
0-0: Ball 1-0: Ball 2-0: Fly out, F7 (Flyball, 7M) Runner from 3rd tags up, SCORES, no throw
|
Batting: LHB António Cedeño
|
0-0: Called Strike 0-1: SINGLE (Line Drive, 6MD) Kyle O'Day to third Runner from 3rd tries for Home, SAFE, no throw or cutoff
|
Batting: LHB Ed Murray
|
0-0: Called Strike 0-1: Ball 1-1: Called Strike 1-2: Strikes out swinging
|
Top of the 4th over - 3 run(s), 3 hit(s), 0 error(s), 1 left on base; Manhatten 6 - Wisconsin Rapids 0 |
BOTTOM OF THE 4TH |
Wisconsin Rapids Rangers batting - Pitching for Manhatten Meatheads : RHP Juan Mora
|
Batting: RHB Kirk Powell
|
0-0: Fly out, F7 (Flyball, 7D)
|
Batting: RHB Arturo Rodríguez
|
0-0: Ball 1-0: Ball 2-0: Swinging Strike 2-1: SINGLE (Groundball, 6M)
|
Batting: RHB James Green
|
0-0: Called Strike 0-1: Fly out, F9 (Flyball, 9M)
|
Batting: RHB Danny Campbell
|
0-0: Called Strike 0-1: Swinging Strike 0-2: Ball 1-2: Strikes out looking
|
Bottom of the 4th over - 0 run(s), 1 hit(s), 0 error(s), 1 left on base; Manhatten 6 - Wisconsin Rapids 0 |
TOP OF THE 5TH |
Manhatten Meatheads batting - Pitching for Wisconsin Rapids Rangers : RHP Mike Love
|
Batting: RHB William Moore
|
0-0: Ball 1-0: SINGLE (Line Drive, 89S)
|
Batting: RHB Greg Lee
|
0-0: Fly out, F9 (Flyball, 9M)
|
Batting: RHB Mitch Thomas
|
0-0: Foul Ball, location: 2F 0-1: Ball 1-1: Ball 2-1: Ball 3-1: Foul Ball, location: 2F 3-2: Base on Balls William Moore to second
|
Pitching: RHP Bennie Jones
|
|
Batting: RHB Juan Reyes
|
0-0: Ball 1-0: Ball 2-0: SINGLE (Groundball, 4M) William Moore to third Mitch Thomas to second Runner from 3rd tries for Home, SAFE, no throw or cutoff
|
Batting: RHB Iván Moreno
|
0-0: Called Strike 0-1: Ball 1-1: Ball Passed Ball! Mitch Thomas to third Juan Reyes to second 2-1: Ball 3-1: Base on Balls
|
Batting: RHB Kyle O'Day
|
0-0: Called Strike 0-1: Ball 1-1: Swinging Strike 1-2: Ball 2-2: DOUBLE (Line Drive, 5D) Mitch Thomas scores Juan Reyes scores Iván Moreno to third
|
Batting: LHB Dave Watt
|
0-0: Ground out 4-3 (Groundball, 34) Iván Moreno scores Kyle O'Day to third
|
Batting: LHB António Cedeño
|
0-0: Ball 1-0: Fly out, F4 (Line Drive, 4)
|
Top of the 5th over - 4 run(s), 3 hit(s), 0 error(s), 1 left on base; Manhatten 10 - Wisconsin Rapids 0 |
BOTTOM OF THE 5TH |
Wisconsin Rapids Rangers batting - Pitching for Manhatten Meatheads : RHP Juan Mora
|
Batting: RHB Ray Little
|
0-0: Fly out, F8 (Flyball, 8LXD)
|
Batting: LHB Ron Robinson
|
0-0: Called Strike 0-1: Fly out, F7 (Flyball, 7M)
|
Batting: LHB Ramón Córdova
|
0-0: Ball 1-0: Swinging Strike 1-1: Ball 2-1: Swinging Strike 2-2: Foul Ball, location: 2F 2-2: Strikes out swinging
|
Bottom of the 5th over - 0 run(s), 0 hit(s), 0 error(s), 0 left on base; Manhatten 10 - Wisconsin Rapids 0 |
TOP OF THE 6TH |
Manhatten Meatheads batting - Pitching for Wisconsin Rapids Rangers : RHP Bennie Jones
|
Batting: LHB Ed Murray
|
0-0: Foul Ball, location: 2F 0-1: Hit by Pitch
|
Batting: RHB William Moore
|
0-0: Foul Ball, location: 2F 0-1: Ball 1-1: Called Strike 1-2: Ball 2-2: Ball 3-2: Strikes out swinging
|
Batting: RHB Greg Lee
|
0-0: Foul Ball, location: 2F 0-1: Foul Ball, location: 2F 0-2: Foul Ball, location: 2F 0-2: Ball 1-2: Foul Ball, location: 2F 1-2: Foul Ball, location: 2F 1-2: Strikes out swinging
|
Batting: RHB Mitch Thomas
|
0-0: Ball 1-0: Fly out, F2 (Popup, 25F)
|
Top of the 6th over - 0 run(s), 0 hit(s), 0 error(s), 1 left on base; Manhatten 10 - Wisconsin Rapids 0 |
BOTTOM OF THE 6TH |
Wisconsin Rapids Rangers batting - Pitching for Manhatten Meatheads : RHP Juan Mora
|
Batting: RHB John Hursted
|
0-0: Ball 1-0: Ball 2-0: Called Strike 2-1: Called Strike 2-2: Fly out, F9 (Flyball, 89M)
|
Batting: RHB Tom Thompson
|
0-0: Called Strike 0-1: Ball 1-1: Ball 2-1: Called Strike 2-2: Strikes out swinging
|
Batting: RHB Kirk Powell
|
0-0: Ball 1-0: Foul Ball, location: 2F 1-1: Called Strike 1-2: Strikes out swinging
|
Bottom of the 6th over - 0 run(s), 0 hit(s), 0 error(s), 0 left on base; Manhatten 10 - Wisconsin Rapids 0 |
TOP OF THE 7TH |
Manhatten Meatheads batting - Pitching for Wisconsin Rapids Rangers : RHP Bennie Jones
|
Batting: RHB Juan Reyes
|
0-0: Ground out 5-3 (Groundball, 56)
|
Pitching: RHP Ray Adams
|
|
Batting: RHB Iván Moreno
|
0-0: Foul Ball, location: 2F 0-1: Swinging Strike 0-2: Strikes out swinging
|
Batting: RHB Kyle O'Day
|
0-0: Ball 1-0: Ball 2-0: Called Strike 2-1: Ball 3-1: Swinging Strike 3-2: Foul Ball, location: 2F 3-2: Base on Balls
|
Batting: LHB Dave Watt
|
0-0: Called Strike 0-1: Ball 1-1: Swinging Strike 1-2: Strikes out looking
|
Top of the 7th over - 0 run(s), 0 hit(s), 0 error(s), 1 left on base; Manhatten 10 - Wisconsin Rapids 0 |
BOTTOM OF THE 7TH |
Wisconsin Rapids Rangers batting - Pitching for Manhatten Meatheads : RHP Juan Mora
|
Batting: RHB Arturo Rodríguez
|
0-0: Foul Ball, location: 2F 0-1: Fly out, F9 (Flyball, 9S)
|
Pitching: RHP Sloan Numbers
|
|
Batting: RHB James Green
|
0-0: Foul Ball, location: 2F 0-1: Called Strike 0-2: Foul Ball, location: 2F 0-2: Ball 1-2: Strikes out looking
|
Batting: RHB Danny Campbell
|
0-0: Ball 1-0: Ball 2-0: Called Strike 2-1: Called Strike 2-2: Ball 3-2: Strikes out swinging
|
Bottom of the 7th over - 0 run(s), 0 hit(s), 0 error(s), 0 left on base; Manhatten 10 - Wisconsin Rapids 0 |
TOP OF THE 8TH |
Manhatten Meatheads batting - Pitching for Wisconsin Rapids Rangers : RHP Ray Adams
|
Batting: LHB António Cedeño
|
0-0: Ball 1-0: Called Strike 1-1: Foul Ball, location: 2F 1-2: Strikes out swinging
|
Batting: LHB Ed Murray
|
0-0: Ball 1-0: Foul Ball, location: 2F 1-1: Ground out 1-3 (Groundball, 15S)
|
Pinch Hitting: LHB Magali Foulerton
|
0-0: Swinging Strike 0-1: Ball 1-1: Called Strike 1-2: Foul Ball, location: 2F 1-2: Strikes out swinging
|
Top of the 8th over - 0 run(s), 0 hit(s), 0 error(s), 0 left on base; Manhatten 10 - Wisconsin Rapids 0 |
BOTTOM OF THE 8TH |
Wisconsin Rapids Rangers batting - Pitching for Manhatten Meatheads : RHP Sloan Numbers
|
Now in RF: Vitaliano Capuana
|
|
Batting: RHB Ray Little
|
0-0: Called Strike 0-1: Swinging Strike 0-2: Ball 1-2: Ball 2-2: Foul Ball, location: 2F 2-2: Strikes out swinging
|
Batting: LHB Ron Robinson
|
0-0: Called Strike 0-1: Swinging Strike 0-2: Strikes out swinging
|
Batting: LHB Ramón Córdova
|
0-0: Ground out 6-3 (Groundball, 6)
|
Bottom of the 8th over - 0 run(s), 0 hit(s), 0 error(s), 0 left on base; Manhatten 10 - Wisconsin Rapids 0 |
TOP OF THE 9TH |
Manhatten Meatheads batting - Pitching for Wisconsin Rapids Rangers : RHP Ray Adams
|
Batting: RHB Greg Lee
|
0-0: Called Strike 0-1: Swinging Strike 0-2: Strikes out looking
|
Pinch Hitting: RHB Jason Erickson
|
0-0: Ball 1-0: Foul Ball, location: 2F 1-1: Called Strike 1-2: Ball 2-2: SINGLE (Groundball, 56) (infield hit)
|
Batting: RHB Juan Reyes
|
0-0: Ball 1-0: Ball Jason Erickson is caught stealing 2nd base 2-0: Called Strike 2-1: Swinging Strike 2-2: Foul Ball, location: 2F 2-2: Strikes out swinging
|
Top of the 9th over - 0 run(s), 1 hit(s), 0 error(s), 0 left on base; Manhatten 10 - Wisconsin Rapids 0 |
BOTTOM OF THE 9TH |
Wisconsin Rapids Rangers batting - Pitching for Manhatten Meatheads : RHP Sloan Numbers
|
Now at SS: Mark McDonald
|
|
Batting: RHB John Hursted
|
0-0: Called Strike 0-1: Ball 1-1: Swinging Strike 1-2: Ball 2-2: Foul Ball, location: 2F 2-2: Foul Ball, location: 2F 2-2: Strikes out swinging
|
Batting: RHB Tom Thompson
|
0-0: Ball 1-0: SINGLE (Groundball, 56)
|
Pinch Hitting: RHB Bruce Brooks
|
0-0: Ball 1-0: Ball 2-0: Foul Ball, location: 2F 2-1: Foul Ball, location: 2F 2-2: Strikes out swinging
|
Batting: RHB Arturo Rodríguez
|
0-0: Foul Ball, location: 2F 0-1: Foul Ball, location: 2F 0-2: Ball 1-2: Ball 2-2: Foul Ball, location: 2F 2-2: SINGLE (Groundball, 56) Tom Thompson to second
|
Batting: RHB James Green
|
0-0: Called Strike 0-1: Foul Ball, location: 2F 0-2: Foul Ball, location: 2F 0-2: Ball 1-2: Foul Ball, location: 2F 1-2: Ball 2-2: Foul Ball, location: 2F 2-2: Foul Ball, location: 2F 2-2: Fly out, F9 (Flyball, 89M)
|
Bottom of the 9th over - 0 run(s), 2 hit(s), 0 error(s), 2 left on base; Manhatten 10 - Wisconsin Rapids 0 |
|